 Dungeon Sprint DCSS version 0.28-a0-479-g5baa6b73be (webtiles) character file.

Game seed: 4682569937942535730

4347 rocky1 the Cleaver (level 10, -2/119 HPs)
             Began as an Ogre Hunter on Sept 17, 2021.
             Was the Champion of Cheibriados.
             Constricted to death by a nagaraja (4 damage)
             ... in the Dungeon (Sprint VII: "The Pits") on Sept 18, 2021.
             The game lasted 00:10:01 (2394 turns).

rocky1 the Cleaver (Ogre Hunter)                    Turns: 2394, Time: 00:10:01

Health: -2/119     AC:  5    Str: 35    XL:     10   Next: 34%
Magic:  18/18      EV: 15    Int: 27    God:    Cheibriados [******]
Gold:   0          SH:  0    Dex: 25    Spells: 9/9 levels left

rFire   + . .      SeeInvis .   t - +2 war axe (freeze)
rCold   . . .      Faith    .   (no shield)
rNeg    . . .      Spirit   .   g - +2 robe {rF+}
rPois   .          Reflect  .   (helmet restricted)
rElec   .          Harm     .   (no cloak)
rCorr   .          Rampage  .   (gloves unavailable)
Will    +....      NoTele   +   (boots unavailable)
Stlth   ++........              (no amulet)
HPRegen 0.29/turn               (no ring)
MPRegen 0.16/turn               (no ring)

@: lethally poisoned (-2 -> -18), untranslocatable, constricted, very slow
A: large, unfitting armour, tough skin 1
a: Renounce Religion, Bend Time, Temporal Distortion, Slouch, Step From Time


You were in the Dungeon.
You worshipped Cheibriados.
Cheibriados was exalted by your worship.
You visited 1 branch

Inventory:

Hand Weapons
 a - a +2 flail of protection
 k - a +0 battleaxe
 p - a +2 vorpal hand axe
 t - a +2 war axe of freezing (weapon)
 u - a +2 vorpal morningstar
Missiles
 c - a large rock (quivered)
 d - 6 throwing nets
Armour
 b - a +0 robe
 g - a +2 robe of fire resistance (worn)
Jewellery
 l - a +3 ring of intelligence
 q - a +3 ring of evasion
Scrolls
 j - a scroll of blinking
 n - 5 scrolls of amnesia
 o - a scroll of summoning
Potions
 e - 7 potions of curing
 f - 7 potions of heal wounds
 h - 4 potions of magic
 i - 6 potions of berserk rage
 m - 2 potions of invisibility
 r - a potion of might
 s - 2 potions of mutation


   Skills:
 + Level 13.5 Fighting
 + Level 13.6 Axes
 + Level 5.8 Throwing
 + Level 3.3 Armour
 + Level 10.6 Dodging
 - Level 0.6 Stealth
 + Level 11.2 Invocations


You had 9 spell levels left.
You didn't know any spells.
Your spell library was empty.

Dungeon Overview and Level Annotations

Branches:
Dungeon (1/1)

Altars:
Ashenzari
Cheibriados
Dithmenos
Elyvilon
Fedhas
Gozag
Hepliaklqana
Kikubaaqudgha
Makhleb
Nemelex Xobeh
Okawaru
Qazlal
Ru
Sif Muna
Trog
Uskayaw
Vehumet
Wu Jian
Xom
Yredelemnul
Zin
The Shining One
Beogh
Jiyva
Lugonu


Innate Abilities, Weirdness & Mutations

You are too large for most types of armour.
You have tough skin. (AC +1)


Message History

Press: ? - help, Q - select action, (/) - cycle Shift-Dir - straight line, f/p - nagaraja
Aim: a nagaraja, wielding a +0 club and wearing a +0 robe (moderately wounded, fast, 71% to hit)
You throw a large rock.
The large rock barely misses the demonic crawler.
The large rock hits the nagaraja!
The nagaraja is heavily wounded.
The demonic crawler barely misses you. The demonic crawler hits you!
The demonic crawler misses you.
You slash the nagaraja! You freeze the nagaraja.
The nagaraja is heavily wounded.
The nagaraja spits poison at you. The splash of poison hits you!
You are poisoned.
You slice the nagaraja!! You freeze the nagaraja.
The nagaraja is severely wounded.
You slash the demonic crawler! You freeze the demonic crawler.
You kill the demonic crawler!
Cheibriados thoroughly appreciates the change of pace.
You feel sick. The nagaraja hits you with a +0 club!! The nagaraja grabs you.
The nagaraja constricts you.
You barely miss the nagaraja.
The nagaraja is severely wounded.
You feel sick. The nagaraja casts a spell at you. The bolt of poison hits you!!
You are more poisoned.
* * * LOW HITPOINT WARNING * * *
The nagaraja constricts you.
* * * LOW HITPOINT WARNING * * *
You are too injured to fight recklessly!
You feel much better.
You feel very sick. The nagaraja hits you with a +0 club!!
* * * LOW HITPOINT WARNING * * *
The nagaraja constricts you.
* * * LOW HITPOINT WARNING * * *
The nagaraja hits you with a +0 club!!
* * * LOW HITPOINT WARNING * * *
The nagaraja constricts you.
You die...

+#######################
................@N(..(.(
.....)..................
.##############++#######
.# .# .# .# .# .#


You could see a nagaraja (fast).

Vanquished Creatures
  Harold (D)
  An orc knight (D)
  A manticore (D)
  An orc sorcerer (D)
  A molten gargoyle (D)
  A demonic crawler (D)
  A kobold demonologist (D)
  Prince Ribbit (D)
  A flying skull (D)
  A redback (D)
  2 wargs (D)
  3 hell hounds (D)
  An orc warrior (D)
  A sky beast (D)
  2 necrophages (D)
  A quasit (D)
  2 gnoll shamans (D)
  An iron imp (D)
  A mummy (D)
  An adder (D)
  7 gnolls (D)
  A river rat (D)
  A white imp (D)
  An ufetubus (D)
  An adder skeleton (D)
  2 orcs (D)
  4 jackals (D)
  A quokka (D)
  A bat (D)
  2 frilled lizards (D)
  A kobold (D)
47 creatures vanquished.

Notes
Turn   | Place    | Note
-------+----------+-------------------------------------------
     0 | D        | rocky1 the Ogre Hunter began the quest for the Orb.
     0 | D        | Reached XP level 1. HP: 22/22 MP: 1/1
   131 | D        | Found a bloodstained altar of Trog.
   131 | D        | Found a shimmering blue altar of Sif Muna.
   131 | D        | Found a viscous altar of Jiyva.
   131 | D        | Found a hazy altar of Hepliaklqana.
   131 | D        | Found an opulent altar of Gozag.
   132 | D        | Found a glowing golden altar of the Shining One.
   132 | D        | Found a glowing silver altar of Zin.
   132 | D        | Found a basalt altar of Yredelemnul.
   132 | D        | Found a shimmering altar of Xom.
   132 | D        | Found an ornate altar of the Wu Jian Council.
   132 | D        | Found a sacrificial altar of Ru.
   132 | D        | Found a stormy altar of Qazlal.
   132 | D        | Found an iron altar of Okawaru.
   132 | D        | Found a sparkling altar of Nemelex Xobeh.
   132 | D        | Found a burning altar of Makhleb.
   132 | D        | Found a blossoming altar of Fedhas.
   132 | D        | Found a white marble altar of Elyvilon.
   132 | D        | Found a shadowy altar of Dithmenos.
   132 | D        | Found a snail-covered altar of Cheibriados.
   135 | D        | Found a corrupted altar of Lugonu.
   135 | D        | Found a radiant altar of Vehumet.
   136 | D        | Found an ancient bone altar of Kikubaaqudgha.
   136 | D        | Found a hide-covered altar of Uskayaw.
   136 | D        | Found a broken altar of Ashenzari.
   143 | D        | Became a worshipper of Cheibriados the Contemplative
   164 | D        | Reached skill level 1 in Axes
   165 | D        | Reached * piety under Cheibriados
   273 | D        | Reached ** piety under Cheibriados
   274 | D        | Reached XP level 2. HP: 24/31 MP: 2/2
   498 | D        | Reached *** piety under Cheibriados
   499 | D        | Noticed a sky beast
   501 | D        | Reached XP level 3. HP: 36/37 MP: 3/3
   502 | D        | Reached **** piety under Cheibriados
   515 | D        | Killed a sky beast
   516 | D        | Reached XP level 4. HP: 14/45 MP: 4/4
   516 | D        | Reached XP level 5. HP: 16/53 MP: 5/5
   519 | D        | Reached ***** piety under Cheibriados
   947 | D        | Noticed a necrophage
   950 | D        | Noticed Prince Ribbit
   950 | D        | Noticed a necrophage
   952 | D        | Killed a necrophage
   954 | D        | Reached XP level 6. HP: 61/61 MP: 6/6
   958 | D        | Killed a necrophage
   971 | D        | Reached ****** piety under Cheibriados
   975 | D        | Reached skill level 1 in Invocations
   989 | D        | HP: 1/62 [Prince Ribbit (13)]
  1196 | D        | Reached XP level 7. HP: 71/71 MP: 8/8
  1198 | D        | Noticed an orc sorcerer
  1203 | D        | Killed an orc sorcerer
  1204 | D        | Reached skill level 10 in Axes
  1204 | D        | Reached skill level 10 in Dodging
  1204 | D        | Reached skill level 5 in Invocations
  1443 | D        | Noticed a molten gargoyle
  1443 | D        | Noticed an orc knight
  1443 | D        | Noticed a warg
  1443 | D        | Noticed a warg
  1444 | D        | Killed a warg
  1445 | D        | Reached XP level 8. HP: 88/88 MP: 6/12
  1445 | D        | Killed a molten gargoyle
  1446 | D        | Reached skill level 10 in Fighting
  1458 | D        | Killed an orc knight
  1459 | D        | Reached XP level 9. HP: 19/105 MP: 2/15
  1864 | D        | Killed Prince Ribbit
  1953 | D        | Noticed a manticore
  1959 | D        | Killed a manticore
  1960 | D        | Reached skill level 10 in Invocations
  2032 | D        | Noticed Harold
  2034 | D        | Reached skill level 1 in Armour
  2044 | D        | Killed Harold
  2045 | D        | Reached skill level 5 in Throwing
  2045 | D        | Reached XP level 10. HP: 26/119 MP: 12/18
  2366 | D        | Noticed a kobold demonologist
  2368 | D        | Killed a kobold demonologist
  2386 | D        | Noticed a nagaraja
  2394 | D        | HP: 2/119 [nagaraja (27)]
  2394 | D        | Constricted to death by a nagaraja

Illustrated notes

Levels and vault maps discovered:
D:        pitsprint [storerooms_1, entrance_room_1, metal_vault_7, armoury_1,
          mini_pit_1, grid_room_1, main_hall_1, silver_pit, the_coven_3,
          the_vestibule_1, steel_vault_5, golden_pit, hallway_of_sentries,
          crystal_vault_4, iron_vault_1, final_vault]

Skill      XL: |  1  2  3  4  5  6  7  8  9 10 |
---------------+-------------------------------+-----
Fighting       | 3 4 8 11 13 | 13.5
Dodging        | 3 4 6 7 9 10 | 10.6
Axes           | 2 3 6 8 9 10 12 13 | 13.6
Invocations    | 2 5 8 10 11 | 11.2
Armour         | 2 3 |  3.3
Throwing       | 5 |  5.8
Stealth        | |  0.6

Action                   |  1- 3 |  4- 6 |  7- 9 | 10-12 || total
-------------------------+-------+-------+-------+-------++-------
Melee: Short sword       |     9 |       |       |       ||     9
       Hand axe          |    26 |    41 |    34 |       ||   101
       War axe           |       |       |    12 |     3 ||    15
Throw: Large rock        |       |     5 |     6 |     6 ||    17
Invok: Slouch            |       |       |     4 |       ||     4
  Use: Potion            |     2 |     1 |       |     1 ||     4
Armor: Robe              |    24 |     3 |     3 |       ||    30
Dodge: Dodged            |    31 |    38 |    19 |     4 ||    92

Table legend: (Time is in decaauts)
 A = Elapsed time spent in this place.
 B = Non-inter-level travel time spent in this place.
 C = Inter-level travel time spent in this place.
 D = Time resting spent in this place.
 E = Time spent auto-exploring this place.
 F = Levels seen in this place.
 G = Mean time per level.
                   A        B        C        D        E       F      G
               +--------+--------+--------+--------+--------+-----+--------+
         Total |   2681 |   2629 |     52 |   1814 |      0 |   1 | 2681.0 |
       Dungeon |   2681 |   2629 |     52 |   1814 |      0 |   1 | 2681.0 |
               +--------+--------+--------+--------+--------+-----+--------+

Top non-repeatable levels by time:
       D: 2681 daAuts
